 Dungeon Crawl Stone Soup version 0.18-a0-946-g3ac5b32 (webtiles) character file.

47 filipzpl the Magician (level 3, -9/19 HPs)
             Began as a Deep Elf Wizard on Dec 29, 2015.
             Engulfed by a cloud of flame (23 damage)
             ... on level 2 of the Dungeon.
             The game lasted 00:09:19 (1709 turns).

filipzpl the Magician (Deep Elf Wizard)             Turns: 1709, Time: 00:09:20

Health: -9/19      AC:  3    Str:  4    XL:     3   Next: 48%
Magic:  3/12       EV: 12    Int: 23    God:
Gold:   62         SH:  0    Dex: 13    Spells: 4 memorised, 4 levels left

rFire  . . .     SeeInvis .     (no weapon)
rCold  . . .     Gourm    .     h - +0 robe {MR+}
rNeg   . . .     Faith    .     (no shield)
rPois  .         Spirit   .     b - +0 hat
rElec  .         Dismiss  .     (no cloak)
rCorr  .         Reflect  .     i - +0 pair of gloves
SustAt .         Harm     .     (no boots)
MR     +....                    (no amulet)
Stlth  +.........               (no ring)
                                (no ring)

@: confused, somewhat resistant to hostile enchantments, very unstealthy
A: no striking features
a: no special abilities


You were on level 2 of the Dungeon.
You were very hungry.

You visited 1 branch of the dungeon, and saw 2 of its levels.

You collected 62 gold pieces.

Inventory:

Armour
 b - a +0 hat (worn)
 h - a +0 robe of magic resistance (worn)
 i - a +0 pair of gloves (worn)
Jewellery
 l - an uncursed ring of wizardry {unknown}
 m - a +5 ring of dexterity {unknown}
Scrolls
 e - a scroll of recharging {unknown}
 k - 2 scrolls of remove curse {unknown}
 o - a scroll of identify {unknown}
Potions
 a - 2 potions of curing {unknown}
 f - 2 potions of magic {unknown}
 g - a potion of flight {unknown}
Books
 c - a book of Minor Magic

   Spells                             Type                      Level
   a - Magic Dart                     Conjuration                  1
   b - Blink                          Translocation                2
   c - Call Imp                       Summoning                    2
   d - Repel Missiles                 Charms/Air                   2
   e - Slow                           Hexes                        2
   f - Conjure Flame                  Conjuration/Fire             3
   g - Mephitic Cloud                 Conjuration/Poison/Air       3
Comestibles
 d - a bread ration
 j - a royal jelly
 n - a beef jerky


   Skills:
 - Level 2.4 Dodging
 - Level 2.4 Stealth
 - Level 5.5 Spellcasting
 + Level 2.0 Conjurations
   Level 1.1 Summonings
 - Level 1.1 Translocations
 * Level 1.3 Fire Magic


You had 4 spell levels left.
You knew the following spells:

 Your Spells              Type           Power        Failure   Level  Hunger
a - Magic Dart            Conj           ###.         4%          1    None
b - Conjure Flame         Conj/Fire      ##......     14%         3    ##.....
c - Mephitic Cloud        Conj/Pois/Air  #.......     21%         3    ##.....
d - Blink                 Tloc           N/A          12%         2    None


Dungeon Overview and Level Annotations

Branches:
Dungeon (2/15)

Altars:


Message History

Confirm with . or Enter, or press ? or * to list all spells.
Aiming: Conjure Flame
Press: ? - help, Dir - move target cursor, f - goblin
Aim: a goblin, wielding a dagger
Okay, then.
Casting: Conjure Flame
Confirm with . or Enter, or press ? or * to list all spells.
Aiming: Mephitic Cloud
Press: ? - help, Shift-Dir - straight line, f - rat
Aim: a rat That beam is likely to hit you.
Continue anyway?
The ball explodes into a vile cloud!
The stinking cloud engulfs the goblin.
The stinking cloud engulfs the rat.
The stinking cloud engulfs you!
You are engulfed in noxious fumes.
You choke on the stench!
You are confused.
The goblin is engulfed in noxious fumes.
The goblin appears confused.
You are engulfed in roaring flames.
Ouch! That really hurt!
You die...

#...###............# #...#
#.#######....####### #####...#
#.###...............
........###..##..............(
........'....##.....#.........
........####§g#.....#.........
##########...###r#.....#.........
#............# #g#.....##........
#............# #@§##+#.##.#######
#..........######.##.#......#
###..................#....#.#
###..†#...................#.###
............#........)........#
........###.#.####..##.##.#.#.#
...#.#....#.#.#####.##.##.#.#.#
...+........)†..........#.#.#.#
...#.#.##.#.#.#####..#......#.#


You could see a hobgoblin, a goblin (confused) and a rat.

Vanquished Creatures
  An adder (D:2)
  6 bats
  5 hobgoblins
  2 kobolds (D:1)
  2 ball pythons (D:1)
  2 giant geckos (D:1)
  2 giant newts
  9 goblins
  6 rats
35 creatures vanquished.

Notes
Turn   | Place    | Note
--------------------------------------------------------------
     0 | D:1      | filipzpl the Deep Elf Wizard began the quest for the Orb.
     0 | D:1      | Reached XP level 1. HP: 10/10 MP: 7/7
   318 | D:1      | Reached XP level 2. HP: 15/15 MP: 5/9
   529 | D:1      | Reached skill level 5 in Spellcasting
  1026 | D:2      | Reached XP level 3. HP: 19/19 MP: 9/12
  1031 | D:2      | Learned a level 3 spell: Conjure Flame
  1035 | D:2      | Learned a level 3 spell: Mephitic Cloud
  1038 | D:2      | Learned a level 2 spell: Blink
  1178 | D:2      | Reached skill level 1 in Fire Magic
  1709 | D:2      | Engulfed by a cloud of flame

Vault maps used:
D:1:      dpeg_arrival_three_smaller_balls

Action                   || total
-------------------------++-------
Melee: Unarmed           ||     6
 Cast: Magic Dart        ||    79
       Conjure Flame     ||     3
       Mephitic Cloud    ||     1
  Use: Scroll            ||     1
  Eat: Chunk             ||     1
